 Dungeon Crawl Stone Soup version 0.21.1-1-g345015f (webtiles) character file.

37 Iko the Gusty (level 3, -3/31 HPs)
             Began as an Ogre Air Elementalist on May 30, 2018.
             Slain by an ice beast (11 damage)
             ... on level 4 of the Dungeon.
             The game lasted 00:06:50 (549 turns).

Iko the Gusty (Ogre Air Elementalist)                Turns: 549, Time: 00:06:51

Health: -3/31      AC:  3    Str: 13    XL:     3   Next: 39%
Magic:  3/7        EV: 10    Int: 16    God:
Gold:   33         SH:  0    Dex:  9    Spells: 6/7 levels left

rFire    . . .     SeeInvis .   f - +0 spear
rCold    . . .     Gourm    .   (no shield)
rNeg     . . .     Faith    .   a - +0 robe
rPois    .         Spirit   .   (helmet restricted)
rElec    .         Reflect  .   (no cloak)
rCorr    .         Harm     .   (gloves unavailable)
MR       +....                  (boots unavailable)
Stlth    +.........             (no amulet)
HPRegen  0.10/turn              g - ring of protection from magic
MPRegen  0.10/turn              (no ring)

@: very slightly contaminated
A: large, unfitting armour, tough skin 1
a: no special abilities


You were on level 4 of the Dungeon.
You were not hungry.

You visited 1 branch of the dungeon, and saw 4 of its levels.

You collected 33 gold pieces.

Inventory:

Hand Weapons
 f - a +0 spear (weapon)
 i - a +0 blowgun
Missiles
 j - 25 poisoned needles
Armour
 a - a +0 robe (worn)
Jewellery
 g - a ring of protection from magic (left hand)
Potions
 e - a potion of might
Books
 b - a book of Air

   Spells                             Type                      Level
   a - Shock                          Conjuration/Air              1
   b - Swiftness                      Charms/Air                   2
   c - Static Discharge               Conjuration/Air              3
   d - Airstrike                      Air                          4
   e - Lightning Bolt                 Conjuration/Air              5
Comestibles
 c - 5 rations


   Skills:
   Level 0.5 Maces & Flails
 + Level 0.1 Polearms
 + Level 2.1 Dodging
 + Level 1.4 Stealth
 + Level 2.7 Spellcasting
 + Level 1.2 Conjurations
 + Level 3.2 Air Magic


You had 6 spell levels left.
You knew the following spells:

 Your Spells              Type           Power        Failure   Level  Hunger
a - Shock                 Conj/Air       #...         8%          1    #......


Dungeon Overview and Level Annotations

Branches:
Dungeon (4/15)
 Temple: D:4-7

Altars:
Xom


Innate Abilities, Weirdness & Mutations

You are too large for most types of armour.
You have tough skin. (AC +1)


Message History

Confirm with . or Enter, or press ? or * to list all spells.
Aiming: Shock
Press: ? - help, Shift-Dir - straight line You miscast Shock.
Wisps of smoke drift from your hands.
The ice beast hits you but does no damage.
Casting: Shock
Confirm with . or Enter, or press ? or * to list all spells.
Aiming: Shock
Press: ? - help, Shift-Dir - straight line, f - leopard gecko skeleton
Aim: a leopard gecko skeleton The zap misses the ice beast.
The zap hits the adder.
The adder is severely wounded.
The zap hits the leopard gecko skeleton.
The leopard gecko skeleton is lightly damaged.
The zap hits the leopard gecko skeleton.
The leopard gecko skeleton is almost destroyed.
The ice beast hits you.
* * * LOW HITPOINT WARNING * * *
The ice beast freezes you!
You die...

#≈.≈w.§§#
#§≈o§≈≈≈#
#≈§...≈≈
#≈≈l≈≈#
#.#<#
#.Zl#
###S# #Y#
#@# #...#
###.# .#
#


You could see an ice beast, an adder, a frilled lizard and a leopard gecko
skeleton.

Vanquished Creatures
  A ball python (D:4)
  3 giant cockroaches
  5 goblins
  A hobgoblin (D:2)
  6 jackals (D:2)
  6 bats
  A frilled lizard (D:2)
  6 kobolds
  5 rats
34 creatures vanquished.

Vanquished Creatures (others)
  A worm (D:4)
1 creature vanquished.

Grand Total: 35 creatures vanquished

Notes
Turn   | Place    | Note
-------+----------+-------------------------------------------
     0 | D:1      | Iko the Ogre Air Elementalist began the quest for the Orb.
     0 | D:1      | Reached XP level 1. HP: 16/16 MP: 3/3
   157 | D:1      | Reached skill level 3 in Air Magic
   172 | D:1      | Reached XP level 2. HP: 19/24 MP: 5/5
   272 | D:2      | Reached skill level 1 in Conjurations
   303 | D:2      | Reached XP level 3. HP: 30/31 MP: 0/6
   536 | D:4      | Found a shimmering altar of Xom.
   536 | D:4      | Noticed an ice beast
   549 | D:4      | Slain by an ice beast

Skill      XL: |  1  2 |
---------------+-------+-----
Air Magic      | 3 |  3.2
Dodging        | 2 |  2.1
Conjurations   | 1 |  1.2
Maces & Flails | |  0.5
Polearms       | |  0.1
Stealth        | |  1.4
Spellcasting   | |  2.7

Action                   || total
-------------------------++-------
Melee: Club              ||    60
       Spear             ||     8
 Fire: Blowgun           ||     4
 Cast: Shock             ||    18
  Use: Potion            ||     4
       Scroll            ||     4
Armor: Robe              ||    28
Dodge: Dodged            ||    81
